 Dungeon Crawl Stone Soup version 0.22-a0-367-gb72a975 (webtiles) character file.

113953 Amnesiac the Spry (level 16, -9/129 HPs)
             Began as a Mummy Wizard on Apr 22, 2018.
             Was a High Priest of Sif Muna.
             Mangled by an air elemental (15 damage)
             ... on level 2 of the Orcish Mines.
             The game lasted 01:18:34 (37094 turns).

Amnesiac the Spry (Mummy Wizard)                   Turns: 37094, Time: 01:18:34

Health: -9/129     AC: 15    Str: 14    XL:     16   Next: 15%
Magic:  27/32      EV: 19    Int: 24    God:    Sif Muna [*****.]
Gold:   2075       SH:  0    Dex: 10    Spells: 6/39 levels left

rFire    + . .     SeeInvis .   b - +10 hunting sling of the Lamprey {venom, rElec rF+ Str+3}
rCold    + + .     Gourm    .   (no shield)
rNeg     + + +     Faith    .   P - +2 robe {rC+ rF+}
rPois    ∞         Spirit   .   t - +0 helmet
rElec    +         Reflect  .   E - +0 cloak
rCorr    .         Harm     +   I - +2 pair of gloves
MR       ++...                  c - +0 pair of boots
Stlth    ++........             S - amulet of harm
HPRegen  0.31/turn              Q - +3 ring of protection
MPRegen  0.23/turn              T - +2 ring of protection

@: about to teleport, divine energy
A: no food or potions, fire vulnerability, cold resistance 1, negative energy
resistance 3, torment resistance, unbreathing, in touch with death 1
a: Stop Divine Energy, Channel Magic, Forget Spell, Renounce Religion


You were on level 2 of the Orcish Mines.
You worshipped Sif Muna.
Sif Muna was extremely pleased with you.
You were not hungry.

You visited 5 branches of the dungeon, and saw 25 of its levels.
You also visited: Ossuary and Ice Cave.

You collected 2172 gold pieces.
You spent 97 gold pieces at shops.

Inventory:

Hand Weapons
 b - the +10 hunting sling of the Lamprey (weapon) {venom, rElec rF+ Str+3}
   (You found it on level 10 of the Dungeon)

   It poisons the ammo it fires.
   It affects your strength (+3).
   It protects you from fire.
   It insulates you from electricity.
 H - a +3 longbow of freezing
Missiles
 j - 446 stones (quivered)
Armour
 c - a +0 pair of boots (worn)
 t - a +0 helmet (worn)
 E - a +0 cloak (worn)
 G - a +0 shield
 I - a +2 pair of gloves (worn)
 P - a +2 robe of resistance (worn)
Magical Staves
 a - an uncursed staff of conjuration
 V - an uncursed staff of wizardry
Jewellery
 q - an uncursed ring of see invisible
 Q - a +3 ring of protection (left hand)
 S - an amulet of harm (around neck)
 T - a +2 ring of protection (right hand)
Wands
 d - a wand of scattershot (5)
 e - a wand of iceblast (40)
 s - a wand of enslavement (31)
 w - a wand of flame (43)
 x - a wand of polymorph (25)
 z - a wand of paralysis (45)
 B - a wand of disintegration (29)
 C - a wand of digging (64)
 K - a wand of acid (19)
 O - a wand of random effects (30)
Scrolls
 f - 4 scrolls of enchant armour {!r}
 g - a scroll of blinking {!r}
 h - 3 scrolls of enchant weapon {!r}
 i - 5 scrolls of amnesia {!r}
 m - 6 scrolls of magic mapping {!r}
 n - 6 scrolls of fog {!r}
 o - 2 scrolls of fear {!r}
 u - 15 scrolls of identify {!r}
 v - 12 scrolls of remove curse {!r}
 A - 6 scrolls of teleportation {!r}
 D - a scroll of silence {!r}
 F - a scroll of acquirement {!r, unknown}
 M - a scroll of noise {!r}
 N - a scroll of brand weapon {!r, unknown}
 R - a scroll of vulnerability {!r, unknown}
 U - a scroll of torment {!r, unknown}
Miscellaneous
 k - a fan of gales
 p - a phial of floods


   Skills:
 - Level 12.5 Fighting
 - Level 15.0 Dodging
 - Level 1.5 Stealth
 + Level 8.6 Shields
 - Level 12.0 Spellcasting
 - Level 0.7 Conjurations
 - Level 0.7 Summonings
 - Level 13.6 Necromancy
 - Level 0.7 Translocations


You had 6 spell levels left.
You knew the following spells:

 Your Spells              Type           Power        Failure   Level  Hunger
a - Bolt of Draining      Conj/Necr      ######....   6%          5    N/A
b - Call Imp              Summ           ###.....     4%          2    N/A
c - Dispel Undead         Necr           #######.     1%          5    N/A
d - Borgnjor's Vile Clut  Necr/Erth      ######....   7%          5    N/A
e - Mephitic Cloud        Conj/Pois/Air  ###.....     12%         3    N/A
f - Agony                 Necr           #######.     1%          5    N/A
g - Vampiric Draining     Necr           #######...   1%          3    N/A
s - Conjure Flame         Conj/Fire      ###.....     11%         3    N/A
v - Blink                 Tloc           N/A          4%          2    N/A

Dungeon Overview and Level Annotations

Branches:
Dungeon (15/15)            Temple (1/1) D:5            Lair (6/6) D:11
  Swamp (0/4) Lair:2       Spider (0/4) Lair:2        Slime (0/5) Lair:5
    Orc (2/2) D:10            Elf (1/3) Orc:2        Vaults (0/5) D:13
 Depths (0/5) D:15

Altars:
Ashenzari
Cheibriados
Dithmenos
Elyvilon
Fedhas
Gozag
Hepliaklqana
Kikubaaqudgha
Makhleb
Nemelex Xobeh
Okawaru
Qazlal
Ru
Sif Muna
Trog
Uskayaw
Vehumet
Wu Jian
Xom
Yredelemnul
Zin
The Shining One
Jiyva

Shops:
D:4 *   D:7 *   D:11 !   Orc:2 (:?(


Innate Abilities, Weirdness & Mutations

You do not eat or drink.
Your flesh is vulnerable to fire.
You are immune to poison.
Your flesh is cold resistant. (rC+)
You are immune to negative energy. (rN+++)
You are immune to unholy pain and torment.
You can survive without breathing.
You are in touch with the powers of death.


Message History

* * * LOW HITPOINT WARNING * * *
The air elemental misses you.
Firing (i - inventory. (/) - cycle)
r - 2 sling bullets (quivered)
Press: ? - help, Shift-Dir - straight line, f - air elemental
Aim: an air elemental You shoot a sling bullet.
The sling bullet closely misses the air elemental.
The winds around the air elemental calm down.
The air elemental hits you.
* * * LOW HITPOINT WARNING * * *
The air elemental hits you.
* * * LOW HITPOINT WARNING * * *
A vortex of raging winds appears around the air elemental!
Firing (i - inventory. (/) - cycle)
r - a sling bullet (quivered)
Press: ? - help, Shift-Dir - straight line, f/p - air elemental
Aim: an air elemental You shoot a sling bullet.
The sling bullet hits the air elemental!
The air elemental is heavily damaged.
The vortex of raging winds lifts you up.
You fly up into the air.
* * * LOW HITPOINT WARNING * * *
The air elemental completely misses you.
The air elemental barely misses you. x2
Casting: Vampiric Draining (safe; 1% risk of failure)
Confirm with . or Enter, or press ? or * to list all spells.
You blink.
Firing (i - inventory)
j - 447 stones (quivered)
Press: ? - help, Shift-Dir - straight line, f/p - air elemental
Aim: an air elemental (heavily damaged)
You shoot a stone. The stone misses the air elemental.
You float gracefully downwards.
The vortex of raging winds lifts you up.
You fly up into the air.
* * * LOW HITPOINT WARNING * * *
The winds around the air elemental start to calm down.
The air elemental misses you.
Unknown command.
Casting: Blink (safe; 4% risk of failure)
Confirm with . or Enter, or press ? or * to list all spells.
You blink.
You are engulfed in raging winds.
The air elemental hits you.
* * * LOW HITPOINT WARNING * * *
Press: ? - help, v - describe, . - travel
Here: an air elemental (heavily damaged)
The floor.
Really read
A - 8 scrolls of teleportation {!r}?
As you read the scroll of teleportation {!r}, it crumbles to dust.
You feel strangely unstable.
You are engulfed in raging winds.
You float gracefully downwards.
The air elemental completely misses you.
The air elemental misses you.
The air elemental hits you but does no damage.
The air elemental misses you.
Your surroundings seem slightly different.
Things that are here:
2 sling bullets; a long sword Really read
A - 7 scrolls of teleportation {!r}?
As you read the scroll of teleportation {!r}, it crumbles to dust.
You feel strangely unstable. The air elemental closely misses you.
The air elemental misses you. The air elemental closely misses you.
The air elemental hits you.
* * * LOW HITPOINT WARNING * * *
The air elemental hits you!
You die...

####...........###
#............#
#.#.........##
###.......###
#....[......##
####...........##
#.#.............##
###........[.......##
##.##..).#.#@E.......##
#.#.....####>(#.......##
###.....## #####.......#
##......####..§......##
#.........#..§§..#..##
###
###..............#.##
##.## ##............####
##..# #..........##.#
....# ##..........###


You could see an air elemental.

Vanquished Creatures
  Saint Roka (Orc:2)
  Rupert (D:13)
  An orc warlord (Orc:1)
  Nessos (Orc:2)
  An ettin (D:15)
  Fannar (D:12)
  An ice dragon (Orc:2)
  A merfolk avatar (Lair:6)
  A catoblepas (Lair:6)
  3 centaur warriors
  8 hydras
  11 two-headed ogres
  2 tengu warriors
  7 death yaks
  4 orc high priests
  The ghost of p0werm0de the Cleaver, a novice DDFi of Makhleb (D:9)
  A deep elf knight (D:15)
  5 skeletal warriors (D:15)
  2 unseen horrors
  A deep troll (D:15)
  Pikel (D:8)
  6 orc knights
  A harpy (Lair:6)
  A necromancer (Lair:4)
  15 deep elf magi
  4 orc sorcerers
  6 manticores
  4 cyclopes
  22 ugly things
  2 elephants
  3 black mambas
  An ugly thing skeleton (D:14)
  An ice statue (IceCv)
  Maurice (D:13)
  A kobold demonologist (D:15)
  11 spiny frogs
  7 centaur skeletons
  6 rime drakes
  A hydra zombie (D:14)
  An efreet (D:15)
  6 trolls
  13 komodo dragons
  3 meliai (D:15)
  2 harpy zombies
  Grinder (D:4)
  14 polar bears
  9 slime creatures
  A wind drake (Lair:5)
  3 hornets
  Prince Ribbit (D:6)
  11 blink frogs
  5 dream sheep (Lair:5)
  3 hydra skeletons
  7 hippogriffs
  2 meliai zombies
  47 yaks
  A redback (Lair:2)
  A shadow (D:15)
  3 wyverns
  2 wraiths
  16 humans
  3 vampires
  Grum (D:8)
  A hungry ghost (D:8)
  5 basilisks
  2 wargs (Orc:2)
  A soldier ant (D:14)
  A two-headed ogre zombie (D:14)
  An acid dragon (D:14)
  3 ogre zombies
  7 water moccasins
  A swamp worm (Lair:2)
  10 porcupines
  3 ogre skeletons
  A tengu skeleton (D:15)
  A hornet zombie (D:6)
  27 orc warriors
  4 sky beasts
  6 ice beasts
  4 slaves (D:8)
  A necrophage (D:7)
  A black bear (D:11)
  7 ogres
  2 orc zombies
  A phantom (D:14)
  A black bear (shapeshifter) (D:11)
  22 wolves
  8 centaurs
  A manticore skeleton (D:14)
  An elf skeleton (D:13)
  15 crocodiles
  3 big kobolds (D:15)
  Blork the orc (D:6)
  3 elf zombies (Ossuary)
  2 gnoll sergeants
  14 bullfrogs
  A yaktaur skeleton (D:6)
  2 komodo dragon skeletons (Lair:1)
  A cyclops skeleton (D:13)
  8 scorpions
  A wyvern skeleton (D:6)
  9 killer bees
  A troll skeleton (D:6)
  A yak skeleton (Lair:1)
  5 wights (D:8)
  A howler monkey (D:6)
  3 electric eels
  5 crimson imps
  3 bullfrog zombies
  A gnoll shaman (D:3)
  11 jellies
  2 bullfrog skeletons (D:14)
  9 centaur zombies
  10 hounds
  9 human zombies
  15 orc priests
  2 human skeletons (D:13)
  2 kobold skeletons
  Jessica (D:1)
  3 iguanas
  29 orc wizards
  A basilisk skeleton (D:14)
  3 yak simulacra (Lair:4)
  10 worker ants
  A porcupine skeleton (Lair:1)
  2 wolf simulacra (Lair:4)
  2 polar bear simulacra (Lair:4)
  A crocodile skeleton (D:13)
  3 hound zombies
  A mummy (Ossuary)
  2 worker ant zombies
  Robin (D:3)
  13 gnolls
  11 adders
  A howler monkey skeleton (D:15)
  5 orc skeletons
  2 shadow imps
  18 oozes
  6 adder skeletons
  2 adder zombies (D:6)
  An iguana skeleton (D:13)
  3 worms
  3 dart slugs (D:1)
  3 leopard geckos
  100 orcs
  8 bats
  A bat zombie (D:13)
  4 giant cockroaches
  6 hobgoblins
  12 jackals
  15 kobolds
  3 quokkas
  2 ball pythons (D:3)
  4 frilled lizards
  A giant cockroach zombie (D:12)
  15 goblins
  A jackal skeleton (D:14)
  2 jackal zombies (D:12)
  A leopard gecko skeleton (D:6)
  3 quokka zombies
  5 rats
  4 river rat simulacra (Lair:4)
882 creatures vanquished.

Vanquished Creatures (collateral kills)
  Menkaure (D:6)
  A phantom (D:5)
  An ogre (D:4)
  A centaur (D:5)
  A scorpion (D:4)
  A killer bee (D:7)
  2 crimson imps
  An orc wizard (D:5)
  A worker ant (D:5)
  2 mummies (Ossuary)
  2 gnolls
  An adder (D:2)
  An orc (D:4)
16 creatures vanquished.

Vanquished Creatures (others)
  An ugly thing (D:15)
  A kobold demonologist (D:15)
  7 fungi
  20 plants
29 creatures vanquished.

Grand Total: 927 creatures vanquished

Notes
Turn   | Place    | Note
-------+----------+-------------------------------------------
     0 | D:1      | Amnesiac the Mummy Wizard began the quest for the Orb.
     0 | D:1      | Reached XP level 1. HP: 13/13 MP: 5/5
   229 | D:1      | Reached skill level 2 in Dodging
   353 | D:1      | Reached XP level 2. HP: 17/20 MP: 0/7
   357 | D:1      | Learned a level 2 spell: Call Imp
   443 | D:2      | Noticed Jessica
   844 | D:2      | Reached skill level 1 in Fighting
  1548 | D:2      | Reached XP level 3. HP: 21/26 MP: 6/8
  1553 | D:2      | Learned a level 3 spell: Conjure Flame
  1557 | D:2      | Learned a level 3 spell: Mephitic Cloud
  1914 | D:3      | Reached skill level 3 in Dodging
  1962 | D:3      | Found a sacrificial altar of Ru.
  2048 | D:4      | Noticed an ogre
  2062 | D:4      | Killed an ogre
  2062 | D:4      | Reached XP level 4. HP: 33/33 MP: 2/10
  2079 | D:4      | Reached XP level 5. HP: 39/39 MP: 4/11
  2376 | D:4      | Reached skill level 4 in Dodging
  2435 | D:4      | Found Lempises's Assorted Antiques.
  2575 | D:4      | Noticed an orc warrior
  2596 | D:4      | Bought a scroll of identify for 66 gold pieces
  2859 | D:4      | Reached XP level 6. HP: 32/47 MP: 12/12
  3374 | D:4      | Killed an orc warrior
  3385 | D:4      | Reached skill level 5 in Dodging
  3451 | D:4      | Learned a level 2 spell: Blink
  3704 | D:4      | Reached XP level 7. HP: 32/54 MP: 13/13
  4102 | D:5      | Entered Level 5 of the Dungeon
  4102 | D:5      | Noticed Grinder
  4122 | D:4      | Killed Grinder
  4152 | D:5      | Found a sand-covered staircase.
  4161 | Ossuary  | Entered an ossuary
  4481 | Ossuary  | Reached skill level 6 in Dodging
  4750 | Ossuary  | Reached skill level 5 in Fighting
  4759 | Ossuary  | Reached XP level 8. HP: 56/62 MP: 6/14
  4901 | D:5      | Reached skill level 7 in Dodging
  5117 | D:5      | Found a staircase to the Ecumenical Temple.
  5126 | Temple   | Entered the Ecumenical Temple
  5297 | Temple   | Became a worshipper of Kikubaaqudgha
  5456 | D:1      | Killed Jessica
  5595 | D:1      | Reached skill level 1 in Necromancy
  6390 | D:2      | Found an iron altar of Okawaru.
  6788 | D:3      | Reached * piety under Kikubaaqudgha
  6788 | D:3      | Identified Kikubaaqudgha's Almanac of Black Magic (Kikubaaqudgha gifted it to you on level 3 of the Dungeon)
  6788 | D:3      | Received a gift from Kikubaaqudgha
  6927 | D:3      | Noticed Robin
  6955 | D:3      | Killed Robin
  7371 | D:5      | Learned a level 3 spell: Vampiric Draining
  7912 | D:5      | Reached XP level 9. HP: 58/69 MP: 15/15
  7995 | D:6      | Got an encrusted leather armour
  8024 | D:6      | Reached ** piety under Kikubaaqudgha
  8261 | D:6      | Reached skill level 5 in Spellcasting
  8299 | D:6      | Noticed Blork the orc
  8326 | D:6      | Killed Blork the orc
  8388 | D:6      | Noticed Prince Ribbit
  8407 | D:6      | Killed Prince Ribbit
  8407 | D:6      | Reached skill level 8 in Dodging
  8438 | D:6      | Noticed Menkaure
  8463 | D:6      | Killed Menkaure
  8634 | D:7      | Identified the +1 leather armour of Pragmatism {rPois Str+4} (You found it on level 6 of the Dungeon)
  8919 | D:7      | Reached *** piety under Kikubaaqudgha
  8919 | D:7      | Identified Kikubaaqudgha's Disquisition on Evil Rituals (Kikubaaqudgha gifted it to you on level 7 of the Dungeon)
  8919 | D:7      | Received a gift from Kikubaaqudgha
  8938 | D:7      | Learned a level 5 spell: Dispel Undead
  9097 | D:7      | Reached skill level 9 in Dodging
  9204 | D:7      | Found Botoh's Assorted Antiques.
  9209 | D:7      | Bought a scroll labeled XUM BYITOKKYO for 31 gold pieces
  9319 | D:7      | Reached XP level 10. HP: 66/79 MP: 13/19
  9680 | D:8      | Reached skill level 5 in Necromancy
  9932 | D:8      | Noticed Grum
  9945 | D:8      | Killed Grum
 10030 | D:8      | Reached **** piety under Kikubaaqudgha
 10033 | D:8      | Noticed a two-headed ogre
 10061 | D:8      | Killed a two-headed ogre
 10102 | D:8      | Found a shimmering altar of Xom.
 10154 | D:8      | Noticed a two-headed ogre
 10168 | D:8      | Killed a two-headed ogre
 10168 | D:8      | Reached skill level 10 in Dodging
 10312 | D:8      | Noticed Pikel
 10328 | D:8      | Killed Pikel
 11074 | D:9      | Noticed p0werm0de's ghost (novice DDFi)
 11376 | D:9      | Killed p0werm0de's ghost
 11376 | D:9      | Reached XP level 11. HP: 87/87 MP: 0/20
 11449 | D:9      | Noticed a two-headed ogre
 11522 | D:9      | Killed a two-headed ogre
 11737 | D:9      | Noticed a two-headed ogre
 11757 | D:9      | Killed a two-headed ogre
 11781 | D:9      | Found an ornate altar of the Wu Jian Council.
 11782 | D:9      | Found a bloodstained altar of Trog.
 11783 | D:9      | Found a glowing golden altar of the Shining One.
 11783 | D:9      | Found a shadowy altar of Dithmenos.
 11989 | D:10     | Entered Level 10 of the Dungeon
 12094 | D:10     | Reached skill level 11 in Dodging
 12141 | D:10     | Found a staircase to the Orcish Mines.
 12198 | D:10     | Noticed an unseen horror
 12244 | D:10     | Killed an unseen horror
 12300 | D:10     | Got a warped hunting sling
 13353 | D:11     | Found a large runed door.
 13353 | D:11     | Found a large runed door.
 13406 | D:11     | Reached ***** piety under Kikubaaqudgha
 13469 | D:11     | Noticed a white ugly thing
 13485 | D:11     | Killed a white ugly thing
 13665 | D:11     | Found a large runed door.
 13665 | D:11     | Found a large runed door.
 13729 | D:11     | Noticed a two-headed ogre
 13752 | D:11     | Found a staircase to the Lair.
 13773 | D:11     | Killed a two-headed ogre
 13907 | D:11     | Noticed a five-headed hydra
 13919 | D:11     | Killed a five-headed hydra
 13975 | D:11     | Reached skill level 10 in Fighting
 14104 | D:11     | Got an ivory quarterstaff
 14287 | D:11     | Identified the +10 hunting sling of the Lamprey {venom, rElec rF+ Str+3} (You found it on level 10 of the Dungeon)
 14395 | D:11     | Reached XP level 12. HP: 76/97 MP: 21/21
 14475 | D:11     | Found Ubbed's Distillery.
 14502 | D:11     | Noticed a six-headed hydra
 14516 | D:11     | Killed a six-headed hydra
 14516 | D:11     | Reached skill level 12 in Dodging
 14725 | D:11     | Noticed a two-headed ogre
 14730 | D:11     | Killed a two-headed ogre
 14961 | Orc:1    | Entered Level 1 of the Orcish Mines
 15129 | Orc:2    | Entered Level 2 of the Orcish Mines
 15162 | Orc:1    | Noticed an orc high priest
 15170 | Orc:1    | Found a frozen archway.
 15171 | Orc:1    | Noticed an ice dragon
 15180 | Orc:1    | HP: 4/98 [soul eater[an orc high priest] (22)]
 15181 | IceCv    | Entered an ice cave
 15697 | IceCv    | Noticed a death yak
 15715 | IceCv    | Killed a death yak
 16413 | IceCv    | Noticed a death yak
 16599 | IceCv    | Killed a death yak
 16611 | IceCv    | Reached skill level 13 in Dodging
 16724 | IceCv    | Noticed a frost giant
 17241 | Orc:2    | Found a staircase to the Elven Halls.
 17498 | Orc:2    | Gained mutation: You are in touch with the powers of death. [Mummy growth]
 17498 | Orc:2    | Reached XP level 13. HP: 104/106 MP: 17/22
 17597 | Orc:2    | Noticed Nessos
 17620 | Orc:2    | Killed Nessos
 17620 | Orc:2    | Reached skill level 10 in Necromancy
 17733 | Orc:2    | Noticed Saint Roka
 17781 | Orc:2    | Learned a level 5 spell: Agony
 18110 | Orc:1    | Noticed an orc warlord
 18123 | Orc:1    | Killed an orc warlord
 18162 | Orc:1    | Reached ****** piety under Kikubaaqudgha
 18726 | Orc:2    | Killed Saint Roka
 18726 | Orc:2    | Reached skill level 14 in Dodging
 19330 | Orc:2    | Found Ypoa's Weapon Shop.
 19330 | Orc:2    | Found Lapha's Magic Scroll Emporium.
 19366 | Orc:2    | Found Pegab's Weapon Emporium.
 19366 | Orc:2    | Found Ticen's Book Shop.
 19471 | Orc:2    | Received a gift from Kikubaaqudgha
 19684 | Orc:2    | Fell from the grace of Kikubaaqudgha
 19885 | Temple   | Became a worshipper of Sif Muna the Loreminder
 20104 | D:12     | Noticed Fannar
 20134 | D:12     | Killed Fannar
 20134 | D:12     | Reached XP level 14. HP: 98/116 MP: 5/26
 21170 | Lair:1   | Entered Level 1 of the Lair of Beasts
 21215 | Lair:1   | Reached skill level 1 in Shields
 23346 | D:13     | Found a gate to the Vaults.
 23346 | D:13     | Noticed Rupert
 24110 | D:13     | Noticed Maurice
 24116 | D:13     | Killed Maurice
 24175 | D:13     | Noticed a reaper
 24492 | D:13     | Reached skill level 5 in Shields
 24666 | D:13     | Killed Rupert
 24765 | D:13     | Got an amber-studded chain mail
 24887 | D:13     | Reached * piety under Sif Muna
 24954 | D:13     | Learned a level 5 spell: Bolt of Draining
 26318 | D:14     | Found a shattered altar of Ashenzari.
 26882 | D:14     | Reached skill level 10 in Spellcasting
 27401 | D:14     | Reached ** piety under Sif Muna
 27437 | D:15     | Entered Level 15 of the Dungeon
 27901 | D:14     | Identified the +6 chain mail "Qucaudgh" {rElec rF+ SInv} (You found it on level 13 of the Dungeon)
 28018 | D:15     | Reached XP level 15. HP: 88/122 MP: 0/29
 28270 | D:15     | Reached *** piety under Sif Muna
 28693 | D:14     | Learned a level 5 spell: Borgnjor's Vile Clutch
 30165 | D:15     | Found a staircase to the Depths.
 30463 | D:15     | Was forgiven by Kikubaaqudgha
 30645 | D:15     | Reached **** piety under Sif Muna
 31088 | Lair:2   | Found a hole to the Spider Nest.
 31541 | Lair:2   | Found a staircase to the Swamp.
 33548 | Lair:5   | Reached skill level 15 in Dodging
 34487 | Lair:5   | Found a viscous altar of Jiyva.
 34487 | Lair:5   | Found a staircase to the Slime Pits.
 34664 | Lair:6   | Entered Level 6 of the Lair of Beasts
 34948 | Lair:5   | Reached ***** piety under Sif Muna
 35684 | Lair:6   | Reached XP level 16. HP: 129/129 MP: 16/32
 35749 | Lair:6   | Received a gift from Sif Muna
 36918 | Elf:1    | Entered Level 1 of the Elven Halls
 37094 | Orc:2    | HP: 6/129 [air elemental (3)]
 37094 | Orc:2    | Mangled by an air elemental

Vault maps used:
D:1:      minmay_arrival_widening_spiral_wide
D:2:      grunt_ministairs_13, kennysheep_okawaru_gauntlet, uniq_jessica
D:3:      cheibrodos_helix_gallery, marbit_many_paths, uniq_robin
D:4:      first_ration, serial_shops, shop, dk_rats_in_the_wall
D:5:      minmay_temple_entry_butterflies, enter_ossuary_1, uniq_grinder
D:6:      serial_undead, serial_undead_d, serial_undead_a, serial_undead_b,
          serial_undead_b, serial_undead_b, uniq_prince_ribbit1, uniq_menkaure,
          uniq_blork_the_orc
D:7:      serial_bayou, serial_bayou_crossing, serial_bayou_lagoon_a,
          serial_bayou_pond_b, serial_bayou_shore_b, serial_bayou_pond_e,
          serial_shops, nicolae_shop_trees
D:8:      lemuel_doored_altar, uniq_pikel, uniq_grum
D:9:      chequers_temple_overflow_statue_of_worship
D:10:     orc_0_dummy, grunt_pizzeria
D:11:     minmay_lair_entry_grove, serial_shops, nicolae_shop_stone,
          minmay_hollow_rounded_squares
D:12:     uniq_fannar
D:13:     david_vaults_3, minmay_stone_trees_medium, uniq_maurice
D:14:     minivault_19, basic_altar, minmay_misc_feat_rows
D:15:     hangedman_depths_entry_civil_slaughter, nicolae_wwwww
Temple:   eino_temple_scatter_basement
Lair:1:   minivault_24, beast_lair_carwin_1
Lair:2:   nicolae_swamp_entry_splash_gauntlet, spider_nest_entry_rubble,
          lemuel_fruit_tree
Lair:4:   eino_house_with_fridge
Lair:5:   lemuel_slime, dpeg_slime_entry_enclosed_altar, grunt_megastairs_3
Lair:6:   gammafunk_lair_ancient_temple, small_statue_intersection,
          infiniplex_staircase_pool_2
Orc:1:    portal_ice_cave_entry_animals_and_master, elves_outpost_lemuel
Orc:2:    grunt_orc_tribal_feast, minmay_orc_keep, uniq_saint_roka, uniq_nessos
Elf:1:    elf_arrival_002, minmay_elf_necromancy
Ossuary:  ossuary_minmay_four_chambers
IceCv:    ice_cave_caverns_01

Skill      XL: |  1  2  3  4  5  6  7  8  9 10 11 12 13 14 15 16 |
---------------+-------------------------------------------------+-----
Dodging        | 2 3 4 5 6 7 9 10 11 13 14 15 | 15.0
Fighting       | 1 2 3 4 5 7 8 10 11 12 | 12.5
Necromancy     | 4 6 8 9 10 11 13 | 13.6
Spellcasting   | 6 8 10 12 | 12.0
Shields        | 6 7 8 |  8.6
Stealth        | |  1.5
Conjurations   | |  0.7
Summonings     | |  0.7
Translocations | |  0.7

Action                   |  1- 3 |  4- 6 |  7- 9 | 10-12 | 13-15 | 16-18 || total
-------------------------+-------+-------+-------+-------+-------+-------++-------
Melee: Whip              |     5 |       |       |       |       |       ||     5
       Short sword       |    21 |       |       |       |       |       ||    21
       Unarmed           |     2 |       |       |       |       |       ||     2
       Flail             |       |    87 |    20 |       |       |       ||   107
       Broad axe         |       |       |   135 |    39 |       |       ||   174
       Dagger            |       |       |   637 |   874 |       |       ||  1511
       Scimitar          |       |       |       |    33 |       |       ||    33
       Hunting sling     |       |       |       |       |     1 |       ||     1
 Fire: Hunting sling     |    19 |    64 |       |   439 |  1455 |     3 ||  1980
 Cast: Magic Dart        |    42 |       |     6 |       |       |       ||    48
       Call Imp          |    12 |     4 |    32 |     9 |     3 |       ||    60
       Mephitic Cloud    |       |    17 |    16 |    42 |     5 |       ||    80
       Conjure Flame     |       |       |    16 |    39 |     6 |       ||    61
       Blink             |       |       |     1 |     5 |     4 |     4 ||    14
       Dispel Undead     |       |       |       |     5 |    97 |       ||   102
       Vampiric Draining |       |       |       |     8 |    21 |     4 ||    33
       Agony             |       |       |       |       |   227 |       ||   227
       Bolt of Draining  |       |       |       |       |    11 |    42 ||    53
       Borgnjor's Vile C |       |       |       |       |     2 |       ||     2
Invok: Receive Necronomi |       |       |       |       |     1 |       ||     1
       Renounce Religion |       |       |       |       |     1 |       ||     1
       Divine Energy     |       |       |       |       |     1 |       ||     1
Evoke: Wand              |       |       |     2 |    20 |     7 |       ||    29
  Use: Scroll            |     3 |     2 |     9 |    11 |     3 |     3 ||    31
 Stab: Sleeping          |     2 |       |     4 |     2 |       |       ||     8
       Confused          |       |     2 |     6 |    20 |       |       ||    28
       Distracted        |       |       |     1 |       |       |       ||     1
       Paralysed         |       |       |     1 |     8 |       |       ||     9
Armor: Leather armour    |    20 |    20 |   210 |   374 |       |       ||   624
       Troll leather arm |       |       |       |     3 |   107 |       ||   110
       Robe              |       |       |       |       |   170 |    18 ||   188
Dodge: Dodged            |    45 |   101 |   600 |  1315 |  1139 |    55 ||  3255
Block: Other             |     3 |     7 |     9 |       |       |       ||    19
       Reflection        |       |     1 |       |       |       |       ||     1
       Rpst.: Scimitar   |       |       |       |    13 |       |       ||    13

Table legend:
 A = Spawn XP
 B = Non-spawn XP
 C = Spawn XP percentage of total XP
 D = Spawn monster count
 E = Non-spawn monster count
 F = Spawn count percentage of total count
 G = Total turns spent on level
                    A         B        C        D         E        F      G
               +---------+---------+-------+---------+---------+-------+---------
         Total |       0 |  162790 |   0.0 |       0 |     835 |   0.0 | 37094
               +---------+---------+-------+---------+---------+-------+---------
           D:1 |       0 |      67 |   0.0 |       0 |      17 |   0.0 |  1126
           D:2 |       0 |     191 |   0.0 |       0 |      28 |   0.0 |  1681
           D:3 |       0 |     270 |   0.0 |       0 |      35 |   0.0 |  1786
           D:4 |       0 |     756 |   0.0 |       0 |      24 |   0.0 |  1358
           D:5 |       0 |     817 |   0.0 |       0 |      34 |   0.0 |  1219
           D:6 |       0 |    1071 |   0.0 |       0 |      21 |   0.0 |   702
           D:7 |       0 |    1799 |   0.0 |       0 |      42 |   0.0 |  1037
           D:8 |       0 |    4331 |   0.0 |       0 |      43 |   0.0 |  1104
           D:9 |       0 |    3997 |   0.0 |       0 |      37 |   0.0 |  1470
          D:10 |       0 |    1636 |   0.0 |       0 |      16 |   0.0 |  1644
          D:11 |       0 |   10501 |   0.0 |       0 |      50 |   0.0 |  1797
          D:12 |       0 |    3503 |   0.0 |       0 |      13 |   0.0 |   980
          D:13 |       0 |   11472 |   0.0 |       0 |      31 |   0.0 |  2719
          D:14 |       0 |   10708 |   0.0 |       0 |      34 |   0.0 |  2412
          D:15 |       0 |   28186 |   0.0 |       0 |      68 |   0.0 |  2367
        Lair:1 |       0 |    6022 |   0.0 |       0 |      18 |   0.0 |  1676
        Lair:2 |       0 |    1638 |   0.0 |       0 |       9 |   0.0 |  1010
        Lair:3 |       0 |    2826 |   0.0 |       0 |      12 |   0.0 |   813
        Lair:4 |       0 |    4947 |   0.0 |       0 |      30 |   0.0 |  1047
        Lair:5 |       0 |   11147 |   0.0 |       0 |      56 |   0.0 |  1320
        Lair:6 |       0 |   15799 |   0.0 |       0 |      41 |   0.0 |  1773
         Orc:1 |       0 |   10635 |   0.0 |       0 |      36 |   0.0 |  1101
         Orc:2 |       0 |   18950 |   0.0 |       0 |      77 |   0.0 |  2147
         Elf:1 |       0 |     402 |   0.0 |       0 |       1 |   0.0 |    19
       Ossuary |       0 |     723 |   0.0 |       0 |      15 |   0.0 |   692
         IceCv |       0 |   10396 |   0.0 |       0 |      47 |   0.0 |  1882
               +---------+---------+-------+---------+---------+-------+---------
